Map: Acolyte LE

Players

Elryu

  • Race: Protoss Protoss
  • League: Gold
  • Spawn Location: 7:00

Juxtapose - Winner!

  • Race: Zerg Zerg
  • League: Gold
  • Spawn Location: 1:00

VOD

https://youtu.be/nObfKIlSRUw

Description

I'm truly not a fan of Acolyte, and my opponent got Protoss who is generally favoured on this map. As Zerg its common for Protoss opponents to hit me with mass air that I've found difficult to stop, so lucky for me my opponent decided to go with a Gateway-based army.

This proved to be a simple and fun match.

Time

  • Played on: Nov. 12, 2017, 3:29 p.m.
  • Length: 12:30
Show
View Real Time Build Order
Export as new Build Order

Elryu Protoss 

Build Orders:  

Get SALT Encoding   

  12  0:01  Probe (Chrono Boost)  
  13  0:11  Probe (Chrono Boost)  
  14  0:22  Probe (Chrono Boost)  
  15  0:30  Pylon  
  15  0:39  Assimilator  
  15  0:48  Probe (Chrono Boost)  
  15  0:49  Gateway  
  16  0:59  Probe (Chrono Boost)  
  17  1:09  Probe (Chrono Boost)  
  18  1:20  Probe (Chrono Boost)  
  19  1:27  Assimilator  
  19  1:30  Probe (Chrono Boost)  
  20  1:38  Cybernetics Core  
  20  1:41  Probe (Chrono Boost)  
  20  1:45  Cybernetics Core  
  20  1:47  Zealot  
  23  1:52  Pylon  
  23  2:09  Nexus  
  23  2:29  Pylon  
  23  2:30  Mothership Core (Chrono Boost)  
  23  2:31  Adept  
  23  2:34  Warp Gate (Chrono Boost)  
  27  3:08  Forge  
  27  3:13  Adept  
  29  3:21  Gateway  
  29  3:24  Gateway  
  29  3:25  Gateway  
  29  3:30  Probe  
  29  3:32  Probe  
  31  3:41  Probe  
  31  3:44  Probe  
  33  3:50  Photon Cannon  
  33  3:51  Probe  
  34  3:56  Probe  
  35  4:07  Photon Cannon  
  35  4:10  Probe  
  35  4:11  Probe  
  37  4:23  Probe  
  38  4:29  Pylon  
  38  4:30  Zealot x2  
  38  4:31  Zealot  
  44  4:36  Zealot  
  44  4:38  Protoss Ground Weapons Level 1 (Chrono Boost)  
  46  4:44  Probe x2  
  48  4:53  Twilight Council  
  48  4:56  Probe  
  49  5:07  Zealot x3  
  49  5:09  Zealot  
  57  5:54  Zealot x2  
  61  5:57  Charge (Chrono Boost)  
  61  6:03  Pylon  
  61  6:04  Pylon  
  61  6:06  Pylon  
  61  6:07  Gateway x2  
  61  6:09  Gateway, Probe  
  62  6:21  Probe x2  
  62  6:25  Robotics Facility  
  64  6:34  Protoss Ground Armor Level 1  
  64  6:38  Zealot x4  
  72  7:02  Zealot x3  
  72  7:03  Zealot, Forge  
  72  7:04  Forge  
  80  7:09  Zealot x3  
  86  7:27  Pylon  
  86  7:28  Pylon  
  86  7:30  Pylon  
  86  7:32  Pylon x2  
  86  7:46  Observer (Chrono Boost)  
  86  7:48  Stalker x4  
  86  7:49  Stalker x2  
  99  7:57  Protoss Ground Weapons Level 2  
  99  8:06  Observer (Chrono Boost)  
  100  8:21  Nexus  
  100  8:23  Pylon  
  100  8:26  Pylon, Zealot  
  100  8:27  Zealot x3  
  104  8:32  Protoss Ground Armor Level 2  
  108  8:46  Zealot x3  
  57  9:45  Zealot x4  
  61  9:46  Zealot x3  
  61  9:48  Mothership Core (Chrono Boost)  
  71  9:57  Probe (Chrono Boost)  
  71  9:58  Probe (Chrono Boost)  
  74  10:07  Templar Archives, Probe x2 (Chrono Boost)  
  74  10:08  Zealot x4  
  74  10:09  Zealot x3  
  74  10:10  Probe (Chrono Boost)  
  90  10:17  Immortal, Probe (Chrono Boost)  
  90  10:18  Probe (Chrono Boost)  
  96  10:32  Zealot x5  
  96  10:33  Zealot x2  
  96  10:34  Psionic Storm  
  110  11:02  Zealot x2  
  110  11:03  Zealot x3  
  120  11:04  Zealot  
  64  11:26  Zealot x5  
  64  11:27  Zealot x2  
  47  11:58  Pylon  
  47  12:00  High Templar x2  
  47  12:01  High Templar x3  
  48  12:08  Archon x2  
Show
View Real Time Build Order
Export as new Build Order

Juxtapose Zerg - Winner!

Build Orders: Hatch First 

Get SALT Encoding   

  12  0:01  Drone  
  13  0:09  Drone  
  14  0:17  Overlord  
  14  0:36  Drone x2  
  16  0:55  Drone  
  17  0:58  Hatchery  
  17  1:01  Overlord  
  16  1:05  Drone  
  17  1:11  Extractor  
  17  1:14  Drone  
  17  1:26  Spawning Pool  
  16  1:36  Drone x2  
  18  1:41  Drone  
  19  1:52  Drone  
  20  2:02  Drone  
  21  2:12  Drone  
  22  2:16  Queen  
  22  2:17  Metabolic Boost  
  24  2:23  Drone  
  24  2:24  Queen  
  27  2:30  Overlord  
  27  2:32  Drone  
  28  2:38  Drone  
  29  2:47  Drone x3  
  32  2:57  Zergling x2  
  33  2:59  Drone  
  33  3:04  Queen  
  35  3:06  Drone  
  36  3:14  Zergling x2  
  36  3:19  Zergling x2  
  38  3:21  Lair  
  38  3:30  Drone x4  
  38  3:31  Drone  
  43  3:36  Spore Crawler  
  43  3:39  Queen  
  44  3:43  Spore Crawler  
  44  3:44  Drone  
  44  3:46  Overlord  
  44  4:05  Roach Warren  
  44  4:08  Evolution Chamber  
  42  4:11  Drone x2  
  44  4:20  Drone  
  44  4:21  Drone x6  
  51  4:26  Extractor  
  51  4:27  Drone  
  51  4:33  Extractor  
  51  4:35  Extractor  
  49  4:41  Drone x2  
  49  4:42  Drone  
  49  4:43  Overlord  
  52  4:59  Hatchery, Overseer  
  51  5:06  Drone  
  52  5:09  Drone  
  52  5:10  Drone x2  
  55  5:26  Hydralisk Den  
  54  5:58  Muscular Augments  
  54  6:02  Infestation Pit  
  53  6:26  Overlord x2  
  53  6:35  Drone x2  
  53  6:36  Drone x7  
  53  6:37  Drone x4  
  53  6:38  Overlord x2  
  66  6:43  Hive  
  66  6:46  Zerg Ground Armor Level 1  
  66  6:50  Hydralisk x4  
  74  6:56  Overseer x2  
  74  7:24  Drone x2  
  74  7:25  Drone x4  
  74  7:27  Extractor  
  74  7:29  Extractor  
  78  7:30  Spore Crawler  
  78  7:35  Hydralisk x6  
  78  7:36  Hydralisk x2  
  93  7:47  Drone x2  
  95  8:14  Ultralisk Cavern  
  95  8:18  Adrenal Glands  
  94  8:20  Lurker Den  
  94  8:22  Hydralisk x2  
  94  8:24  Overlord x5  
  98  8:47  Drone  
  99  8:49  Hydralisk x5  
  99  8:50  Hydralisk x3  
  115  9:04  Zergling x6  
  115  9:05  Zergling x8  
  115  9:06  Ultralisk x2  
  115  9:07  Overlord x2  
  115  9:09  Chitinous Plating  
  134  9:12  Zerg Missile Weapons Level 1  
  114  9:32  Ultralisk x2  
  114  9:33  Ultralisk, Zergling x6  
  114  9:34  Zergling x8  
  126  10:01  Overlord x5  
  126  10:16  Overlord x3  
  126  10:19  Queen x2  
  130  10:25  Lurker x2  
  130  10:26  Hydralisk x2  
  130  10:27  Hydralisk x4  
  144  10:47  Ultralisk  
  144  10:48  Ultralisk x2  
  144  10:49  Zergling x6  
  166  10:50  Zergling x10  
  166  10:54  Queen  
  166  11:19  Hatchery  
  149  11:28  Hydralisk x5  
  149  11:29  Ultralisk  
  149  11:30  Zergling x4  
  149  11:31  Zergling x2  
  150  12:05  Hydralisk x4  
  150  12:06  Hydralisk x5  
Tags
 
League
GoldGold
Matchup
PvZ
Spawn Locations
Cross Positions
Add a new tag
Caveats
  • Supply blocks, unpowered buildings, or Contaminate may cause inaccurate times.
  • Supply counts are checked every 10 seconds.